Workbook

Sheet Orçamento
A10: Proprietário: Municíçpio de Brasilândia
A11: Obra: DRENAGEM E PAVIMENTO ASFALTICO COM CBUQ NOVO PORTO JOÃO ANDRE. ETAPA II - REVISÃO 15-07-2024
A12: Encargos Sociais: Não Desonerado: embutido nos preços unitário dos insumos de mão de obra, de acordo com as bases.
A13: Bancos: SINAPI - 02/2024 - Mato Grosso do Sul CPOS/CDHU - 03/2024 - São Paulo FDE - 01/2024 - São Paulo AGESUL - 01/2024 - Mato Grosso do Sul
A14: B.D.I: | B14: 22,61%
A15: Brasilandia-MS, 15 de julho de 2024.
A16: Planilha Orçamentária Sintética Com Valor do Material e da Mão de Obra
A17: Item | B17: Código | C17: Banco | D17: Descrição | E17: Und | F17: Quant. | G17: Valor Unit | H17: Valor Unit com BDI | K17: Total
H18: M. O. | I18: MAT. | J18: Total | K18: M. O. | L18: MAT. | M18: Total
A19: 1 | D19: ETAPA II
A20: 1.1 | D20: SERVIÇOS PRELIMINARES | K20: =SUM(K21:K25) -> 748.19 | L20: =SUM(L21:L25) -> 8351.82 | M20: =SUM(M21:M25) -> 9100.01
A21: 1.1.1 | B21: 74209/001 | C21: SINAPI | D21: PLACA DE OBRA EM CHAPA DE ACO GALVANIZADO | E21: m² | F21: 8 | G21: 360.98 | H21: 56.71 | I21: 385.88 | J21: =H21+I21 -> 442.59 | K21: =H21*F21 -> 453.68 | L21: =F21*I21 -> 3087.04 | M21: =K21+L21 -> 3540.72
A22: 1.1.2 | B22: 73847/001 | C22: SINAPI | D22: ALUGUEL CONTAINER/ESCRIT INCL INST ELET LARG=2,20 COMP=6,20M ALT=2,50M CHAPA ACO C/NERV TRAPEZ FORRO C/ISOL TERMO/ACUSTICO CHASSIS REFORC PISO COMPENS NAVAL EXC TRANSP/CARGA/DESCARGA | E22: MES | F22: 4 | G22: 673.59 | H22: 0 | I22: 825.88 | J22: =H22+I22 -> 825.88 | K22: =H22*F22 -> 0 | L22: =F22*I22 -> 3303.52 | M22: =K22+L22 -> 3303.52
A23: 1.1.3 | B23: 100953 | C23: SINAPI | D23: TRANSPORTE COM CAMINHÃO CARROCERIA COM GUINDAUTO (MUNCK), MOMENTO MÁXIMO DE CARGA 11,7 TM, EM VIA URBANA PAVIMENTADA, ADICIONAL PARA DMT EXCEDENTE A 30 KM (UNIDADE: TXKM). AF_07/2020 | E23: TXKM | F23: 325 | G23: 1.09 | H23: 0.12 | I23: 1.21 | J23: =H23+I23 -> 1.33 | K23: =H23*F23 -> 39 | L23: =F23*I23 -> 393.25 | M23: =K23+L23 -> 432.25
A24: 1.1.4 | B24: 101527 | C24: SINAPI | D24: ENTRADA DE ENERGIA ELÉTRICA, SUBTERRÂNEA, BIFÁSICA, COM CAIXA DE EMBUTIR, CABO DE 25 MM2 E DISJUNTOR DIN 50A (NÃO INCLUSA MURETA DE ALVENARIA). AF_07/2020_P | E24: UN | F24: 1 | G24: 1197.78 | H24: 154 | I24: 1314.59 | J24: =H24+I24 -> 1468.59 | K24: =H24*F24 -> 154 | L24: =F24*I24 -> 1314.59 | M24: =K24+L24 -> 1468.59
A25: 1.1.5 | B25: 95641 | C25: SINAPI | D25: KIT CAVALETE PARA MEDIÇÃO DE ÁGUA - ENTRADA INDIVIDUALIZADA, EM PVC DN 25 (¾), PARA 2 MEDIDORES  FORNECIMENTO E INSTALAÇÃO (EXCLUSIVE HIDRÔMETRO). AF_11/2016 | E25: UN | F25: 1 | G25: 289.48 | H25: 101.51 | I25: 253.42 | J25: =H25+I25 -> 354.93 | K25: =H25*F25 -> 101.51 | L25: =F25*I25 -> 253.42 | M25: =K25+L25 -> 354.93
A26: 2 | D26: SERVIÇOS ADMINISTRATIVO | K26: =SUM(K27:K29) -> 65290.72 | L26: =SUM(L27:L29) -> 4849 | M26: =SUM(M27:M29) -> 70139.72
A27: 2.2 | B27: 93572 | C27: SINAPI | D27: ENCARREGADO GERAL DE OBRAS COM ENCARGOS COMPLEMENTARES | E27: MES | F27: 4 | G27: 4845.03 | H27: 5309.92 | I27: 630.57 | J27: =H27+I27 -> 5940.49 | K27: =H27*F27 -> 21239.68 | L27: =F27*I27 -> 2522.28 | M27: =K27+L27 -> 23761.96
A28: 2.2 | B28: 90777 | C28: SINAPI | D28: ENGENHEIRO CIVIL DE OBRA JUNIOR COM ENCARGOS COMPLEMENTARES | E28: H | F28: 176 | G28: 116.82 | H28: 140.61 | I28: 2.62 | J28: =H28+I28 -> 143.23 | K28: =H28*F28 -> 24747.36 | L28: =F28*I28 -> 461.12 | M28: =K28+L28 -> 25208.48
A29: 2.4 | B29: 90781 | C29: SINAPI | D29: TOPOGRAFO COM ENCARGOS COMPLEMENTARES | E29: H | F29: 704 | G29: 24.53 | H29: 27.42 | I29: 2.65 | J29: =H29+I29 -> 30.07 | K29: =H29*F29 -> 19303.68 | L29: =F29*I29 -> 1865.6 | M29: =K29+L29 -> 21169.28
A30: 3 | D30: SERVIÇOS DE DRENAGEM | K30: =SUM(K31,K50) -> 122628 | L30: =SUM(L31,L50) -> 630509.31 | M30: =SUM(M31,M42,M50) -> 800171.11
A31: 3.1 | D31: TUBO DE 600 MM | K31: =SUM(K32:K41) -> 111543.33 | L31: =SUM(L32:L41) -> 589631.51 | M31: =SUM(M32:M41) -> 701174.84
A32: 3.1.1 | B32: 90092 | C32: SINAPI | D32: ESCAVAÇÃO MECANIZADA DE VALA COM PROF. MAIOR QUE 1,5 M E ATÉ 3,0 M(MÉDIA ENTRE MONTANTE E JUSANTE/UMA COMPOSIÇÃO POR TRECHO), COM ESCAVADEIRA HIDRÁULICA (0,8 M3/111 HP), LARG. MENOR QUE 1,5 M, EM SOLO DE 1A CATEGORIA, LOCAIS COM BAIXO NÍVEL DE INTERFERÊNCIA. AF_02/2021 | E32: m³ | F32: 4729.19 | G32: 5.75 | H32: 1.69 | I32: 5.36 | J32: =H32+I32 -> 7.05 | K32: =H32*F32 -> 7992.33 | L32: =F32*I32 -> 25348.46 | M32: =K32+L32 -> 33340.79
A33: 3.1.2 | B33: 101616 | C33: SINAPI | D33: PREPARO DE FUNDO DE VALA COM LARGURA MENOR QUE 1,5 M (ACERTO DO SOLO NATURAL). AF_08/2020 | E33: m² | F33: 1627.25 | G33: 5.84 | H33: 5.06 | I33: 2.1 | J33: =H33+I33 -> 7.16 | K33: =H33*F33 -> 8233.89 | L33: =F33*I33 -> 3417.23 | M33: =K33+L33 -> 11651.12
A34: 3.1.3 | B34: 00007762 | C34: SINAPI | D34: TUBO DE CONCRETO ARMADO PARA AGUAS PLUVIAIS, CLASSE PA-2, COM ENCAIXE PONTA E BOLSA, DIAMETRO NOMINAL DE 600 MM | E34: M | F34: 1017.03 | G34: 216.47 | H34: 0 | I34: 265.41 | J34: =H34+I34 -> 265.41 | K34: =H34*F34 -> 0 | L34: =F34*I34 -> 269929.93 | M34: =K34+L34 -> 269929.93
A35: 3.1.4 | B35: 100953 | C35: SINAPI | D35: TRANSPORTE COM CAMINHÃO CARROCERIA COM GUINDAUTO (MUNCK), MOMENTO MÁXIMO DE CARGA 11,7 TM, EM VIA URBANA PAVIMENTADA, ADICIONAL PARA DMT EXCEDENTE A 30 KM (UNIDADE: TXKM). AF_07/2020 | E35: TXKM | F35: 105312.9 | G35: 1.09 | H35: 0.12 | I35: 1.21 | J35: =H35+I35 -> 1.33 | K35: =H35*F35 -> 12637.55 | L35: =F35*I35 -> 127428.61 | M35: =K35+L35 -> 140066.16 | O35: 1017.03
A36: 3.1.5 | B36: 92811 | C36: SINAPI | D36: ASSENTAMENTO DE TUBO DE CONCRETO PARA REDES COLETORAS DE ÁGUAS PLUVIAIS, DIÂMETRO DE 600 MM, JUNTA RÍGIDA, INSTALADO EM LOCAL COM BAIXO NÍVEL DE INTERFERÊNCIAS (NÃO INCLUI FORNECIMENTO). AF_12/2015 | E36: M | F36: 1017.03 | G36: 71.71 | H36: 34.95 | I36: 52.97 | J36: =H36+I36 -> 87.92 | K36: =H36*F36 -> 35545.2 | L36: =F36*I36 -> 53872.08 | M36: =K36+L36 -> 89417.28 | N36: =F36/2 -> 508.52 | O36: 38.25
A37: 3.1.6 | B37: 93368 | C37: SINAPI | D37: REATERRO MECANIZADO DE VALA COM ESCAVADEIRA HIDRÁULICA (CAPACIDADE DA CAÇAMBA: 0,8 M³ / POTÊNCIA: 111 HP), LARGURA ATÉ 1,5 M, PROFUNDIDADE DE 1,5 A 3,0 M, COM SOLO DE 1ª CATEGORIA EM LOCAIS COM BAIXO NÍVEL DE INTERFERÊNCIA. AF_04/2016 | E37: m³ | F37: 4220.67 | G37: 19.24 | H37: 7.25 | I37: 16.34 | J37: =H37+I37 -> 23.59 | K37: =H37*F37 -> 30599.86 | L37: =F37*I37 -> 68965.75 | M37: =K37+L37 -> 99565.61 | O37: 23.5
A38: 3.1.7 | B38: 98008 | C38: SINAPI | D38: BASE PARA POÇO DE VISITA RETANGULAR PARA ESGOTO, EM ALVENARIA COM BLOCOS DE CONCRETO, DIMENSÕES INTERNAS = 1,5X1,5 M, PROFUNDIDADE = 1,45 M, EXCLUINDO TAMPÃO . AF_12/2020 | E38: UN | F38: 5 | G38: 4119.84 | H38: 1391.19 | I38: 3660.14 | J38: =H38+I38 -> 5051.33 | K38: =H38*F38 -> 6955.95 | L38: =F38*I38 -> 18300.7 | M38: =K38+L38 -> 25256.65 | O38: =SUM(O35:O37) -> 1078.78
A39: 3.1.8 | B39: 99241 | C39: SINAPI | D39: ACRÉSCIMO PARA POÇO DE VISITA RETANGULAR PARA DRENAGEM, EM ALVENARIA COM BLOCOS DE CONCRETO, DIMENSÕES INTERNAS = 1,5X1,5 M. AF_12/2020 | E39: M | F39: 10 | G39: 1776.18 | H39: 761.76 | I39: 1416.01 | J39: =H39+I39 -> 2177.77 | K39: =H39*F39 -> 7617.6 | L39: =F39*I39 -> 14160.1 | M39: =K39+L39 -> 21777.7 | O39: =O38/2 -> 539.39
A40: 3.1.9 | B40: 99319 | C40: SINAPI | D40: CHAMINÉ CIRCULAR PARA POÇO DE VISITA PARA DRENAGEM, EM ALVENARIA COM TIJOLOS CERÂMICOS MACIÇOS, DIÂMETRO INTERNO = 0,6 M. AF_12/2020 | E40: M | F40: 5 | G40: 884.31 | H40: 392.19 | I40: 692.06 | J40: =H40+I40 -> 1084.25 | K40: =H40*F40 -> 1960.95 | L40: =F40*I40 -> 3460.3 | M40: =K40+L40 -> 5421.25
A41: 3.1.10 | B41: 00006240 | C41: SINAPI | D41: TAMPAO FOFO SIMPLES COM BASE, CLASSE D400 CARGA MAX 40 T, REDONDO TAMPA 600 MM, REDE PLUVIAL/ESGOTO | E41: UN | F41: 5 | G41: 774.55 | H41: 0 | I41: 949.67 | J41: =H41+I41 -> 949.67 | K41: =H41*F41 -> 0 | L41: =F41*I41 -> 4748.35 | M41: =K41+L41 -> 4748.35
A42: 3.2 | D42: TUBO DE 800 MM | K42: =SUM(K43:K49) -> 6556.17 | L42: =SUM(L43:L49) -> 40477.63 | M42: =SUM(M43:M49) -> 47033.8
A43: 3.2.2 | B43: 90092 | C43: SINAPI | D43: ESCAVAÇÃO MECANIZADA DE VALA COM PROF. MAIOR QUE 1,5 M E ATÉ 3,0 M(MÉDIA ENTRE MONTANTE E JUSANTE/UMA COMPOSIÇÃO POR TRECHO), COM ESCAVADEIRA HIDRÁULICA (0,8 M3/111 HP), LARG. MENOR QUE 1,5 M, EM SOLO DE 1A CATEGORIA, LOCAIS COM BAIXO NÍVEL DE INTERFERÊNCIA. AF_02/2021 | E43: m³ | F43: 200.81 | G43: 5.75 | H43: 1.69 | I43: 5.36 | J43: =H43+I43 -> 7.05 | K43: =H43*F43 -> 339.37 | L43: =F43*I43 -> 1076.34 | M43: =K43+L43 -> 1415.71
A44: 3.2.4 | B44: 101617 | C44: SINAPI | D44: PREPARO DE FUNDO DE VALA COM LARGURA MAIOR OU IGUAL A 1,5 M E MENOR QUE 2,5 M (ACERTO DO SOLO NATURAL). AF_08/2020 | E44: m² | F44: 76.5 | G44: 2.87 | H44: 2.49 | I44: 1.02 | J44: =H44+I44 -> 3.51 | K44: =H44*F44 -> 190.49 | L44: =F44*I44 -> 78.03 | M44: =K44+L44 -> 268.52
A45: 3.2.5 | B45: 100953 | C45: SINAPI | D45: TRANSPORTE COM CAMINHÃO CARROCERIA COM GUINDAUTO (MUNCK), MOMENTO MÁXIMO DE CARGA 11,7 TM, EM VIA URBANA PAVIMENTADA, ADICIONAL PARA DMT EXCEDENTE A 30 KM (UNIDADE: TXKM). AF_07/2020 | E45: TXKM | F45: 5920.2 | G45: 1.09 | H45: 0.12 | I45: 1.21 | J45: =H45+I45 -> 1.33 | K45: =H45*F45 -> 710.42 | L45: =F45*I45 -> 7163.44 | M45: =K45+L45 -> 7873.86
A46: 3.2.5 | B46: 00007763 | C46: SINAPI | D46: TUBO DE CONCRETO ARMADO PARA AGUAS PLUVIAIS, CLASSE PA-2, COM ENCAIXE PONTA E BOLSA, DIAMETRO NOMINAL DE 800 MM | E46: M | F46: 38.25 | G46: 403.6 | H46: 0 | I46: 494.85 | J46: =H46+I46 -> 494.85 | K46: =H46*F46 -> 0 | L46: =F46*I46 -> 18928.01 | M46: =K46+L46 -> 18928.01
A47: 3.2.7 | B47: 93368 | C47: SINAPI | D47: REATERRO MECANIZADO DE VALA COM ESCAVADEIRA HIDRÁULICA (CAPACIDADE DA CAÇAMBA: 0,8 M³ / POTÊNCIA: 111 HP), LARGURA ATÉ 1,5 M, PROFUNDIDADE DE 1,5 A 3,0 M, COM SOLO DE 1ª CATEGORIA EM LOCAIS COM BAIXO NÍVEL DE INTERFERÊNCIA. AF_04/2016 | E47: m³ | F47: 170.59 | G47: 19.24 | H47: 7.25 | I47: 16.34 | J47: =H47+I47 -> 23.59 | K47: =H47*F47 -> 1236.78 | L47: =F47*I47 -> 2787.44 | M47: =K47+L47 -> 4024.22
A48: 3.2.7 | B48: 92813 | C48: SINAPI | D48: ASSENTAMENTO DE TUBO DE CONCRETO PARA REDES COLETORAS DE ÁGUAS PLUVIAIS, DIÂMETRO DE 800 MM, JUNTA RÍGIDA, INSTALADO EM LOCAL COM BAIXO NÍVEL DE INTERFERÊNCIAS (NÃO INCLUI FORNECIMENTO). AF_12/2015 | E48: M | F48: 38.25 | G48: 96.64 | H48: 46.18 | I48: 72.31 | J48: =H48+I48 -> 118.49 | K48: =H48*F48 -> 1766.39 | L48: =F48*I48 -> 2765.86 | M48: =K48+L48 -> 4532.25
A49: 3.2.8 | B49: IUD20036 | C49: Próprio | D49: Dissipador em concreto armado - Tipo 01 - vazão até 2m³/s | E49: un | F49: 1 | G49: 8148.79 | H49: 2312.72 | I49: 7678.51 | J49: =H49+I49 -> 9991.23 | K49: =H49*F49 -> 2312.72 | L49: =F49*I49 -> 7678.51 | M49: =K49+L49 -> 9991.23
A50: 3.3 | D50: TUBO DE 400 MM | K50: =SUM(K51:K60) -> 11084.67 | L50: =SUM(L51:L60) -> 40877.8 | M50: =SUM(M51:M60) -> 51962.47
A51: 3.3.1 | B51: 102279 | C51: SINAPI | D51: ESCAVAÇÃO MECANIZADA DE VALA COM PROF. ATÉ 1,5 M (MÉDIA MONTANTE E JUSANTE/UMA COMPOSIÇÃO POR TRECHO), ESCAVADEIRA (0,8 M3),LARG. MENOR QUE 1,5 M, EM SOLO DE 1A CATEGORIA, LOCAIS COM BAIXO NÍVEL DE INTERFERÊNCIA. AF_02/2021 | E51: m³ | F51: 18.79 | G51: 6.67 | H51: 1.97 | I51: 6.2 | J51: =H51+I51 -> 8.17 | K51: =H51*F51 -> 37.02 | L51: =F51*I51 -> 116.5 | M51: =K51+L51 -> 153.52
A52: 3.3.2 | B52: 93358 | C52: SINAPI | D52: ESCAVAÇÃO MANUAL DE VALA COM PROFUNDIDADE MENOR OU IGUAL A 1,30 M. AF_02/2021 | E52: m³ | F52: 1.88 | G52: 79.63 | H52: 66.57 | I52: 31.06 | J52: =H52+I52 -> 97.63 | K52: =H52*F52 -> 125.15 | L52: =F52*I52 -> 58.39 | M52: =K52+L52 -> 183.54
A53: 3.3.3 | B53: 101616 | C53: SINAPI | D53: PREPARO DE FUNDO DE VALA COM LARGURA MENOR QUE 1,5 M (ACERTO DO SOLO NATURAL). AF_08/2020 | E53: m² | F53: 18.8 | G53: 5.84 | H53: 5.06 | I53: 2.1 | J53: =H53+I53 -> 7.16 | K53: =H53*F53 -> 95.13 | L53: =F53*I53 -> 39.48 | M53: =K53+L53 -> 134.61
A54: 3.3.4 | B54: 00007761 | C54: SINAPI | D54: TUBO DE CONCRETO ARMADO PARA AGUAS PLUVIAIS, CLASSE PA-2, COM ENCAIXE PONTA E BOLSA, DIAMETRO NOMINAL DE 400 MM | E54: M | F54: 23.5 | G54: 136.28 | H54: 0 | I54: 167.09 | J54: =H54+I54 -> 167.09 | K54: =H54*F54 -> 0 | L54: =F54*I54 -> 3926.62 | M54: =K54+L54 -> 3926.62
A55: 3.3.5 | B55: 100953 | C55: SINAPI | D55: TRANSPORTE COM CAMINHÃO CARROCERIA COM GUINDAUTO (MUNCK), MOMENTO MÁXIMO DE CARGA 11,7 TM, EM VIA URBANA PAVIMENTADA, ADICIONAL PARA DMT EXCEDENTE A 30 KM (UNIDADE: TXKM). AF_07/2020 | E55: TXKM | F55: 1214.4 | G55: 1.09 | H55: 0.12 | I55: 1.21 | J55: =H55+I55 -> 1.33 | K55: =H55*F55 -> 145.73 | L55: =F55*I55 -> 1469.42 | M55: =K55+L55 -> 1615.15
A56: 3.3.6 | B56: 92811 | C56: SINAPI | D56: ASSENTAMENTO DE TUBO DE CONCRETO PARA REDES COLETORAS DE ÁGUAS PLUVIAIS, DIÂMETRO DE 600 MM, JUNTA RÍGIDA, INSTALADO EM LOCAL COM BAIXO NÍVEL DE INTERFERÊNCIAS (NÃO INCLUI FORNECIMENTO). AF_12/2015 | E56: M | F56: 23.5 | G56: 71.71 | H56: 34.95 | I56: 52.97 | J56: =H56+I56 -> 87.92 | K56: =H56*F56 -> 821.33 | L56: =F56*I56 -> 1244.8 | M56: =K56+L56 -> 2066.13
A57: 3.3.7 | B57: 93368 | C57: SINAPI | D57: REATERRO MECANIZADO DE VALA COM ESCAVADEIRA HIDRÁULICA (CAPACIDADE DA CAÇAMBA: 0,8 M³ / POTÊNCIA: 111 HP), LARGURA ATÉ 1,5 M, PROFUNDIDADE DE 1,5 A 3,0 M, COM SOLO DE 1ª CATEGORIA EM LOCAIS COM BAIXO NÍVEL DE INTERFERÊNCIA. AF_04/2016 | E57: m³ | F57: 14.09 | G57: 19.24 | H57: 7.25 | I57: 16.34 | J57: =H57+I57 -> 23.59 | K57: =H57*F57 -> 102.15 | L57: =F57*I57 -> 230.23 | M57: =K57+L57 -> 332.38
A58: 3.3.8 | B58: 97936 | C58: SINAPI | D58: CAIXA PARA BOCA DE LOBO DUPLA RETANGULAR, EM CONCRETO PRÉ-MOLDADO, DIMENSÕES INTERNAS: 0,6X2,2X1,2 M. AF_12/2020 | E58: UN | F58: 8 | G58: 1945.55 | H58: 703.41 | I58: 1682.02 | J58: =H58+I58 -> 2385.43 | K58: =H58*F58 -> 5627.28 | L58: =F58*I58 -> 13456.16 | M58: =K58+L58 -> 19083.44
A59: 3.3.9 | B59: 103001 | C59: SINAPI | D59: GRELHA DE FERRO FUNDIDO SIMPLES COM REQUADRO, 150 X 1000 MM, ASSENTADA COM ARGAMASSA 1 : 3 CIMENTO: AREIA - FORNECIMENTO E INSTALAÇÃO. AF_08/2021 | E59: UN | F59: 8 | G59: 241.59 | H59: 18.59 | I59: 277.62 | J59: =H59+I59 -> 296.21 | K59: =H59*F59 -> 148.72 | L59: =F59*I59 -> 2220.96 | M59: =K59+L59 -> 2369.68
A60: 3.3.10 | B60: 000502 | C60: Próprio | D60: CAIXA BOCA DE DRAGÃO EM ALVENARIA DE BLOCO DE CONCRETO DE 1,00 DE LARGURA POR 1,00 M DE PROFUNDIDADE SOBRE BASE DE CONCRETO ESTRUTURAL DE 15 CM DE ESPESSURA COM GRELHA DE TRILHO FERROVIÁRIO.(M) | E60: M | F60: 26 | G60: 693.18 | H60: 153.16 | I60: 696.74 | J60: =H60+I60 -> 849.9 | K60: =H60*F60 -> 3982.16 | L60: =F60*I60 -> 18115.24 | M60: =K60+L60 -> 22097.4
A61: 4 | D61: PAVIMENTAÇÃO | K61: =SUM(K62) -> 91454.51 | L61: =SUM(L62) -> 1264409.2 | M61: =SUM(M62) -> 1355863.8
A62: 4.1 | D62: TERRAPLENAGEM | K62: =SUM(K63:K74) -> 91454.51 | L62: =SUM(L63:L74) -> 1264409.2 | M62: =SUM(M63:M74) -> 1355863.8
A63: 4.1.1 | B63: 101139 | C63: SINAPI | D63: ESCAVAÇÃO HORIZONTAL, INCLUINDO ESCARIFICAÇÃO, CARGA, DESCARGA E TRANSPORTE EM SOLO DE 2A CATEGORIA COM TRATOR DE ESTEIRAS (100HP/LÂMINA: 2,19M3) E CAMINHÃO BASCULANTE DE 10M3, DMT ATÉ 200M. AF_07/2020 | E63: m³ | F63: 3300.51 | G63: 19.28 | H63: 4.29 | I63: 19.34 | J63: =H63+I63 -> 23.63 | K63: =H63*F63 -> 14159.19 | L63: =F63*I63 -> 63831.86 | M63: =K63+L63 -> 77991.05
A64: 4.1.2 | B64: 100576 | C64: SINAPI | D64: REGULARIZAÇÃO E COMPACTAÇÃO DE SUBLEITO DE SOLO PREDOMINANTEMENTE ARGILOSO. AF_11/2019 | E64: m² | F64: 9867.56 | G64: 2.49 | H64: 0.78 | I64: 2.27 | J64: =H64+I64 -> 3.05 | K64: =H64*F64 -> 7696.7 | L64: =F64*I64 -> 22399.36 | M64: =K64+L64 -> 30096.06
A65: 4.1.3 | B65: 101266 | C65: SINAPI | D65: ESCAVAÇÃO VERTICAL A CÉU ABERTO, EM OBRAS DE INFRAESTRUTURA, INCLUINDO CARGA, DESCARGA E TRANSPORTE, EM SOLO DE 1ª CATEGORIA COM ESCAVADEIRA HIDRÁULICA (CAÇAMBA: 0,8 M³ / 111HP), FROTA DE 3 CAMINHÕES BASCULANTES DE 10 M³, DMT ATÉ 1 KM E VELOCIDADE MÉDIA14KM/H. AF_05/2020 | E65: m³ | F65: 1534.8 | G65: 10.97 | H65: 1.52 | I65: 11.93 | J65: =H65+I65 -> 13.45 | K65: =H65*F65 -> 2332.9 | L65: =F65*I65 -> 18310.16 | M65: =K65+L65 -> 20643.06
A66: 4.1.4 | B66: 00004721 | C66: SINAPI | D66: PEDRA BRITADA N. 1 (9,5 a 19 MM) POSTO PEDREIRA/FORNECEDOR, SEM FRETE | E66: m³ | F66: 613.92 | G66: 100.22 | H66: 0 | I66: 122.87 | J66: =H66+I66 -> 122.87 | K66: =H66*F66 -> 0 | L66: =F66*I66 -> 75432.35 | M66: =K66+L66 -> 75432.35
A67: 4.1.5 | B67: 93593 | C67: SINAPI | D67: TRANSPORTE COM CAMINHÃO BASCULANTE DE 14 M³, EM VIA URBANA PAVIMENTADA, ADICIONAL PARA DMT EXCEDENTE A 30 KM (UNIDADE: M3XKM). AF_07/2020 | E67: M3XKM | F67: 36835.2 | G67: 0.86 | H67: 0.06 | I67: 0.99 | J67: =H67+I67 -> 1.05 | K67: =H67*F67 -> 2210.11 | L67: =F67*I67 -> 36466.85 | M67: =K67+L67 -> 38676.96
A68: 4.1.6 | B68: 96396 | C68: SINAPI | D68: EXECUÇÃO E COMPACTAÇÃO DE BASE E OU SUB BASE PARA PAVIMENTAÇÃO DE BRITA GRADUADA SIMPLES - EXCLUSIVE CARGA E TRANSPORTE. AF_11/2019 | E68: m³ | F68: 1534.8 | G68: 172.62 | H68: 5.58 | I68: 206.06 | J68: =H68+I68 -> 211.64 | K68: =H68*F68 -> 8564.18 | L68: =F68*I68 -> 316260.89 | M68: =K68+L68 -> 324825.07
A69: 4.1.7 | B69: 96401 | C69: SINAPI | D69: EXECUÇÃO DE IMPRIMAÇÃO COM ASFALTO DILUÍDO CM-30. AF_11/2019 | E69: m² | F69: 9028.21 | G69: 7.09 | H69: 0.35 | I69: 8.34 | J69: =H69+I69 -> 8.69 | K69: =H69*F69 -> 3159.87 | L69: =F69*I69 -> 75295.27 | M69: =K69+L69 -> 78455.14 | N69: =F69/2 -> 4514.11
A70: 4.1.8 | B70: 100970 | C70: SINAPI | D70: TRANSPORTE COM CAMINHÃO TANQUE DE TRANSPORTE DE MATERIAL ASFÁLTICO DE 20000 L, EM VIA URBANA EM REVESTIMENTO PRIMÁRIO (UNIDADE: TXKM). AF_07/2020 | E70: TXKM | F70: 5202 | G70: 1.96 | H70: 0.17 | I70: 2.23 | J70: =H70+I70 -> 2.4 | K70: =H70*F70 -> 884.34 | L70: =F70*I70 -> 11600.46 | M70: =K70+L70 -> 12484.8
A71: 4.1.9 | B71: 95303 | C71: SINAPI | D71: TRANSPORTE COM CAMINHÃO BASCULANTE 10 M3 DE MASSA ASFALTICA PARA PAVIMENTAÇÃO URBANA | E71: M3XKM | F71: 17605.25 | G71: 1.53 | H71: 0.13 | I71: 1.74 | J71: =H71+I71 -> 1.87 | K71: =H71*F71 -> 2288.68 | L71: =F71*I71 -> 30633.14 | M71: =K71+L71 -> 32921.82
A72: 4.1.10 | B72: 95992 | C72: SINAPI | D72: CONSTRUÇÃO DE PAVIMENTO COM APLICAÇÃO DE CONCRETO BETUMINOSO USINADO A QUENTE (CBUQ), BINDER, COM ESPESSURA DE 3,0 CM - EXCLUSIVE TRANSPORTE. AF_03/2017 | E72: m³ | F72: ='Mem. de Calc Etapa II'!H198 -> 270.85 | G72: 1495.22 | H72: 49.68 | I72: 1783.6 | J72: =H72+I72 -> 1833.28 | K72: =H72*F72 -> 13455.83 | L72: =F72*I72 -> 483088.06 | M72: =K72+L72 -> 496543.89
A73: 4.1.11 | B73: 94267 | C73: SINAPI | D73: GUIA (MEIO-FIO) E SARJETA CONJUGADOS DE CONCRETO, MOLDADA IN LOCO EM TRECHO RETO COM EXTRUSORA, 45 CM BASE (15 CM BASE DA GUIA + 30 CM BASE DA SARJETA) X 22 CM ALTURA. AF_06/2016 | E73: M | F73: 2268.4 | G73: 58.84 | H73: 15.1 | I73: 57.04 | J73: =H73+I73 -> 72.14 | K73: =H73*F73 -> 34252.84 | L73: =F73*I73 -> 129389.54 | M73: =K73+L73 -> 163642.38
A74: 4.1.12 | B74: 102498 | C74: SINAPI | D74: PINTURA DE MEIO-FIO COM TINTA BRANCA A BASE DE CAL (CAIAÇÃO). AF_05/2021 | E74: M | F74: 2268.4 | G74: 1.5 | H74: 1.08 | I74: 0.75 | J74: =H74+I74 -> 1.83 | K74: =H74*F74 -> 2449.87 | L74: =F74*I74 -> 1701.3 | M74: =K74+L74 -> 4151.17
A75: 5 | D75: SINALIZAÇÃO | K75: =SUM(K76:K78) -> 556.28 | L75: =SUM(L76:L78) -> 1384.35 | M75: =SUM(M76:M78) -> 1940.63
A76: 5.1 | B76: 102512 | C76: SINAPI | D76: PINTURA DE EIXO VIÁRIO SOBRE ASFALTO COM TINTA RETRORREFLETIVA A BASE DE RESINA ACRÍLICA COM MICROESFERAS DE VIDRO, APLICAÇÃO MECÂNICA COM DEMARCADORA AUTOPROPELIDA. AF_05/2021 | E76: M | F76: 79.6 | G76: 5.38 | H76: 1.89 | I76: 4.7 | J76: =H76+I76 -> 6.59 | K76: =H76*F76 -> 150.44 | L76: =F76*I76 -> 374.12 | M76: =K76+L76 -> 524.56
A77: 5.2 | B77: 08.03.006 | C77: FDE | D77: TUBO ACO GALVANIZ NBR5580-CL MEDIA, DN50MM (2") - INCL CONEXOES | E77: M | F77: 6 | G77: 155.77 | H77: 66.9 | I77: 124.08 | J77: =H77+I77 -> 190.98 | K77: =H77*F77 -> 401.4 | L77: =F77*I77 -> 744.48 | M77: =K77+L77 -> 1145.88
A78: 5.2 | B78: 70.03.001 | C78: CPOS/CDHU | D78: PLACA PARA SINALIZAÇÃO VIÁRIA EM CHAPA DE AÇO, TOTALMENTE REFLETIVA COM PELÍCULA IA/IA - ÁREA ATÉ 2,0 M² | E78: m² | F78: 0.14 | G78: 1574.06 | H78: 31.74 | I78: 1898.21 | J78: =H78+I78 -> 1929.95 | K78: =H78*F78 -> 4.44 | L78: =F78*I78 -> 265.75 | M78: =K78+L78 -> 270.19
J79: Totais -> | K79: =SUM(K75,K61,K30,K26,K20) -> 280677.7 | L79: =SUM(L75,L61,L30,L26,L20) -> 1909503.7 | M79: =SUM(M75,M61,M30,M26,M20) -> 2237215.2 | N79: 2983519.2 | O79: =SUM(M79:N79) -> 5220734.4
A82: =A15 -> Brasilandia-MS, 15 de julho de 2024.
F83: .........................................................................................
F84: Eng. Civil Vitalino Pires dos Santos
F85: CREA 5060743022/D-SP

Sheet Cronograma
A12: =Orçamento!A10 -> Proprietário: Municíçpio de Brasilândia
A13: =Orçamento!A11 -> Obra: DRENAGEM E PAVIMENTO ASFALTICO COM CBUQ NOVO PORTO JOÃO ANDRE. ETAPA II - REVISÃO 15-07-2024
A14: =Orçamento!A12 -> Encargos Sociais: Não Desonerado: embutido nos preços unitário dos insumos de mão de obra, de acordo com as bases.
A15: =Orçamento!A13 -> Bancos: SINAPI - 02/2024 - Mato Grosso do Sul CPOS/CDHU - 03/2024 - São Paulo FDE - 01/2024 - São Paulo AGESUL - 01/2024 - Mato Grosso do Sul
A16: =Orçamento!A14 -> B.D.I: | B16: =Orçamento!B14 -> 22,61%
A17: Basilandia- MS, 15 de julho de 2024
A19: CRONOGRAMA
A21: Item | B21: Descrição | C21: VALOR | D21: 30 Dias | G21: 60 Dias | K21: 90 Dias | M21: 120 Dias
D22: Fisico | F22: Financeiro | G22: Fisico | I22: Financeiro | J22: Fisico | L22: Financeiro | M22: Fisico | O22: Financeiro
A24: 01 | B24: PRELIMINAR | C24: =SUM(#REF!) -> #REF!
A25: =Orçamento!A20 -> 1.1 | B25: =Orçamento!D20 -> SERVIÇOS PRELIMINARES | C25: =Orçamento!M20 -> 9100.01 | D25: =F25/C25 -> 1 | E25: =F25/$C$34 -> 0.0041 | F25: =C25 -> 9100.01 | G25: =I25/C25 -> 0 | H25: =I25/$C$34 -> 0 | J25: =L25/C25 -> 0 | K25: =L25/$C$34 -> 0 | M25: =O25/C25 -> 0 | N25: =O25/$C$34 -> 0 | O25: =C25-F25-I25-L25 -> 0
A26: =Orçamento!A26 -> 2 | B26: =Orçamento!D26 -> SERVIÇOS ADMINISTRATIVO | C26: =Orçamento!M26 -> 70139.72 | D26: =F26/C26 -> 0.5 | E26: =F26/$C$34 -> 0.0157 | F26: =C26/2 -> 35069.86 | G26: =(I26+F26)/C26 -> 1 | H26: =I26/$C$34 -> 0.0157 | I26: =C26-F26 -> 35069.86 | J26: =L26/C26 -> 0 | K26: =L26/$C$34 -> 0 | M26: =O26/C26 -> 0 | N26: =O26/$C$34 -> 0 | O26: =C26-F26-I26-L26 -> 0
A27: =Orçamento!A31 -> 3.1 | B27: =Orçamento!D30 -> SERVIÇOS DE DRENAGEM
A28: =Orçamento!A31 -> 3.1 | B28: =Orçamento!D31 -> TUBO DE 600 MM | C28: =Orçamento!M31 -> 701174.84 | D28: =F28/C28 -> 0.5 | E28: =F28/$C$34 -> 0.1567 | F28: =C28/2 -> 350587.42 | G28: =(I28+F28)/C28 -> 1 | H28: =I28/$C$34 -> 0.1567 | I28: =C28-F28 -> 350587.42 | J28: =L28/C28 -> 0 | K28: =L28/$C$34 -> 0 | M28: =O28/C28 -> 0 | N28: =O28/$C$34 -> 0 | O28: =C28-F28-I28-L28 -> 0
A29: =Orçamento!A42 -> 3.2 | B29: =Orçamento!D42 -> TUBO DE 800 MM | C29: =Orçamento!M42 -> 47033.8 | D29: =F29/C29 -> 0.5 | E29: =F29/$C$34 -> 0.0105 | F29: =C29/2 -> 23516.9 | G29: =(I29+F29)/C29 -> 1 | H29: =I29/$C$34 -> 0.0105 | I29: =C29-F29 -> 23516.9 | J29: =L29/C29 -> 0 | K29: =L29/$C$34 -> 0 | M29: =O29/C29 -> 0 | N29: =O29/$C$34 -> 0 | O29: =C29-F29-I29-L29 -> 0
A30: =Orçamento!A50 -> 3.3 | B30: =Orçamento!D50 -> TUBO DE 400 MM | C30: =Orçamento!M50 -> 51962.47 | D30: =F30/C30 -> 0 | E30: =F30/$C$34 -> 0 | G30: =(I30+F30)/C30 -> 0 | H30: =I30/$C$34 -> 0 | J30: 1 | K30: =L30/$C$34 -> 0.0232 | L30: =C30 -> 51962.47 | M30: =O30/C30 -> 0 | N30: =O30/$C$34 -> 0 | O30: =C30-F30-I30-L30 -> 0
A31: =Orçamento!A61 -> 4 | B31: =Orçamento!D61 -> PAVIMENTAÇÃO
A32: =Orçamento!A62 -> 4.1 | B32: =Orçamento!D62 -> TERRAPLENAGEM | C32: =Orçamento!M62 -> 1355863.8 | D32: =F32/C32 -> 0 | E32: =F32/$C$34 -> 0 | G32: =(I32+F32)/C32 -> 0 | H32: =I32/$C$34 -> 0 | J32: 0.5 | K32: =L32/$C$34 -> 0.303 | L32: =J32*C32 -> 677931.88 | M32: 1 | N32: =O32/$C$34 -> 0.303 | O32: =C32-F32-I32-L32 -> 677931.87
A33: =Orçamento!A75 -> 5 | B33: =Orçamento!D75 -> SINALIZAÇÃO | C33: =Orçamento!M75 -> 1940.63 | D33: =F33/C33 -> 0 | E33: =F33/$C$34 -> 0 | G33: =(I33+F33)/C33 -> 0 | H33: =I33/$C$34 -> 0 | J33: 0.3 | K33: =L33/$C$34 -> 0.0003 | L33: =J33*C33 -> 582.19 | M33: 1 | N33: =O33/$C$34 -> 0.0006 | O33: =C33-F33-I33-L33 -> 1358.44
A34: TOTAL GERAL DO ORÇAMENTO | C34: =SUM(C25:C33) -> 2237215.2
A35: Mensal | E35: =SUM(E25:E34) -> 0.187 | F35: =SUM(F25:F34) -> 418274.19 | H35: =SUM(H25:H34) -> 0.1829 | I35: =SUM(I25:I34) -> 409174.18 | K35: =SUM(K25:K34) -> 0.3265 | L35: =SUM(L25:L34) -> 730476.54 | N35: =SUM(N25:N34) -> 0.3036 | O35: =SUM(O25:O34) -> 679290.31
A36: Acumulado | E36: =E35 -> 0.187 | F36: =SUM(F35) -> 418274.19 | H36: =H35+E36 -> 0.3699 | I36: =F36+I35 -> 827448.37 | K36: =K35+H36 -> 0.6964 | L36: =I36+L35 -> 1557924.9 | N36: =N35+K36 -> 1 | O36: =L36+O35 -> 2237215.2
A39: =A17 -> Basilandia- MS, 15 de julho de 2024
K40: .........................................................................................
K41: Eng. Civil Vitalino Pires dos Santos
K42: CREA 5060743022/D-SP
A63: 51

Sheet Mem. de Calc Etapa II
A12: =Orçamento!A10 -> Proprietário: Municíçpio de Brasilândia
A13: =Orçamento!A11 -> Obra: DRENAGEM E PAVIMENTO ASFALTICO COM CBUQ NOVO PORTO JOÃO ANDRE. ETAPA II - REVISÃO 15-07-2024
A14: =Orçamento!A12 -> Encargos Sociais: Não Desonerado: embutido nos preços unitário dos insumos de mão de obra, de acordo com as bases.
A15: =Orçamento!A13 -> Bancos: SINAPI - 02/2024 - Mato Grosso do Sul CPOS/CDHU - 03/2024 - São Paulo FDE - 01/2024 - São Paulo AGESUL - 01/2024 - Mato Grosso do Sul
A16: =Orçamento!A14 -> B.D.I: | B16: =Orçamento!B14 -> 22,61%
A17: =Orçamento!A15 -> Brasilandia-MS, 15 de julho de 2024.
A18: MEMÓRIA DE CALCULO
A19: 1 | B19: ETAPA II
A20: Item | B20: Código | C20: Banco | D20: Descrição | E20: Und | F20: Altura | G20: Altura | H20: Area
A21: 1.1 | B21: SERVIÇOS PRELIMINARES
A22: 1.1.1 | B22: 74209/001 | C22: SINAPI | D22: PLACA DE OBRA EM CHAPA DE ACO GALVANIZADO | E22: m² | F22: 2 | G22: 4 | H22: =F22*G22 -> 8
A24: 1.1.2 | B24: 93584 | C24: SINAPI | D24: ALUGUEL CONTAINER/ESCRIT INCL INST ELET LARG=2,20 COMP=6,20M ALT=2,50M CHAPA ACO C/NERV TRAPEZ FORRO C/ISOL TERMO/ACUSTICO CHASSIS REFORC PISO COMPENS NAVAL EXC TRANSP/CARGA/DESCARGA | E24: mês | F24: 4
A26: Item | B26: Código | C26: Banco | D26: Descrição | E26: Und | F26: Largura | G26: Altura | H26: Peso (tn) | I26: DMT (Km) | J26: Transporte (tnxKm)
A27: 1.1.3 | B27: 100953 07/2024 | C27: SINAPI | D27: TRANSPORTE COM CAMINHÃO CARROCERIA COM GUINDAUTO (MUNCK), MOMENTO MÁXIMO DE CARGA 11,7 TM, EM VIA URBANA PAVIMENTADA, ADICIONAL PARA DMT EXCEDENTE A 30 KM (UNIDADE: TXKM) ( TRANSPORTE DE CONTAINER) | E27: TxKM | F27: 2.2 | G27: 2.5 | H27: 5 | I27: 65 | J27: =H27*I27 -> 325
A29: 1.1.4 | B29: 101527 02/2024 | C29: SINAPI | D29: ENTRADA DE ENERGIA ELÉTRICA, SUBTERRÂNEA, BIFÁSICA, COM CAIXA DE EMBUTIR, CABO DE 25 MM2 E DISJUNTOR DIN 50A (NÃO INCLUSA MURETA DE ALVENARIA). AF_07/2020_P | E29: UN | F29: 1
A31: 1.1.5 | B31: 95641 02/2024 | C31: SINAPI | D31: KIT CAVALETE PARA MEDIÇÃO DE ÁGUA - ENTRADA INDIVIDUALIZADA, EM PVC DN 25 (¾), PARA 2 MEDIDORES  FORNECIMENTO E INSTALAÇÃO (EXCLUSIVE HIDRÔMETRO). AF_11/2016 | E31: UN | F31: 1
A33: 2 | B33: SERVIÇOS ADMINISTRATIVOS
A34: Item | B34: Código | C34: Banco | D34: Descrição | E34: Und | F34: Duração da Obra (Mês) | G34: Dia/Mês | H34: Horas/dia | I34: Total Trabalhado (Mês)
A35: 2.1 | B35: 90777 | C35: SINAPI | D35: ENGENHEIRO CIVIL DE OBRA JUNIOR COM ENCARGOS COMPLEMENTARES | E35: Horas | F35: 4 | G35: 22 | H35: 4 | I35: =F35*G35*H35 -> 352
A36: 2.2 | B36: 93572 07/2021 | C36: SINAPI | D36: ENCARREGADO GERAL DE OBRAS COM ENCARGOS COMPLEMENTARES | E36: mês | F36: 4 | I36: =F36 -> 4
A37: 2.3 | B37: 94296 07/2021 | C37: SINAPI | D37: TOPOGRAFO COM ENCARGOS COMPLEMENTARES | E37: Horas | F37: 4 | G37: 22 | H37: 8 | I37: =F37*G37*H37 -> 704
A39: 3 | B39: SERVIÇOS DE DRENAGEM
A40: 3.1 | B40: TUBO DE 600 MM
A41: Item | B41: Código | C41: Banco | D41: Descrição | E41: Und | F41: trecho | G41: EXTENSÃO | H41: LARG. (FUNDO) 2xD | I41: LARG. (SUPERFICIE) | J41: ALTURA | K41: VLUME DE ESVAVAÇÃO
A42: 3.1.1 | B42: 90092 07/2021 | C42: SINAPI | D42: ESCAVAÇÃO MECANIZADA DE VALA COM PROF. MAIOR QUE 1,5 M E ATÉ 3,0 M(MÉDIA ENTRE MONTANTE E JUSANTE/UMA COMPOSIÇÃO POR TRECHO), COM ESCAVADEIRA HIDRÁULICA (0,8 M3/111 HP), LARG. MENOR QUE 1,5 M, EM SOLO DE 1A CATEGORIA, LOCAIS COM BAIXO NÍVEL DE INTERFERÊNCIA. AF_02/2021 | E42: m³ | F42: 01 | G42: 400.43 | H42: 1.6 | I42: =(J42*2)+H42 -> 4.6 | J42: 1.5 | K42: =G42*((H42+I42)/2)*J42 -> 1862
F43: 02 | G43: 286.69 | H43: 1.6 | I43: =(J43*2)+H43 -> 4.6 | J43: =J42 -> 1.5 | K43: =G43*((H43+I43)/2)*J43 -> 1333.11
F44: 03 | G44: 255.22 | H44: 1.6 | I44: =(J44*2)+H44 -> 4.6 | J44: =J43 -> 1.5 | K44: =G44*((H44+I44)/2)*J44 -> 1186.77
A45: " | B45: " | C45: " | D45: " | E45: " | F45: 04 | G45: 74.69 | H45: 1.6 | I45: =(J45*2)+H45 -> 4.6 | J45: =J44 -> 1.5 | K45: =G45*((H45+I45)/2)*J45 -> 347.31
D46: TOTAL DA ESCAVAÇÃO PARA TUBO DE 600 MM | G46: =SUM(G42:G45) -> 1017.03 | K46: =SUM(K42:K45) -> 4729.19
A48: Item | B48: Código | C48: Banco | D48: Descrição | E48: Und | F48: EXTENSÃO | G48: LARG. (FUNDO) | H48: ÁREA
A49: 3.1.2 | B49: 101616 07/2021 | C49: SINAPI | D49: PREPARO DE FUNDO DE VALA COM LARGURA MENOR QUE 1,5 M (ACERTO DO SOLO NATURAL). AF_08/2020 | E49: m³ | F49: =G46 -> 1017.03 | G49: 1.6 | H49: =G49*F49 -> 1627.25
A51: 3.1.3 | B51: 00007762 07/2021 | C51: SINAPI-I | D51: TUBO DE CONCRETO ARMADO PARA AGUAS PLUVIAIS, CLASSE PA-2, COM ENCAIXE PONTA E BOLSA, DIAMETRO NOMINAL DE 600 MM | E51: M | F51: =G46 -> 1017.03
A53: Item | B53: Código | C53: Banco | D53: Descrição | E53: Und | F53: EXTENSÃO | G53: MEDIDA DO TUBO (M) | H53: QUANT. TUBO 600 MM | I53: PESO DO TUBO (TN) | J53: DMT | K53: TRANSPORTE (TNXKM)
A54: 3.1.4 | B54: 100953 07/2021 | C54: SINAPI | D54: TRANSPORTE COM CAMINHÃO CARROCERIA COM GUINDAUTO (MUNCK), MOMENTO MÁXIMO DE CARGA 11,7 TM, EM VIA URBANA PAVIMENTADA, ADICIONAL PARA DMT EXCEDENTE A 30 KM (UNIDADE: TXKM). AF_07/2020 | F54: =F51 -> 1017.03 | G54: 1.5 | H54: =ROUNDUP(F54/G54,0) -> 679 | I54: 0.47 | J54: 330 | K54: =J54*I54*H54 -> 105312.9
A56: Item | B56: Código | C56: Banco | D56: Descrição | E56: Und | F56: trecho | G56: EXTENSÃO
A57: 3.1.5 | B57: 92811 07/2021 | C57: SINAPI | D57: ASSENTAMENTO DE TUBO DE CONCRETO PARA REDES COLETORAS DE ÁGUAS PLUVIAIS, DIÂMETRO DE 600 MM, JUNTA RÍGIDA, INSTALADO EM LOCAL COM BAIXO NÍVEL DE INTERFERÊNCIAS (NÃO INCLUI FORNECIMENTO). AF_12/2015 | F57: Total | G57: =F51 -> 1017.03
A60: Item | B60: Código | C60: Banco | D60: Descrição | E60: Und | F60: EXTENSÃO | G60: DIÂMETRO EXT (M) | H60: AREA DA SEÇAO DO TUBO | I60: VOLUME DO TUBO | J60: VLUME DE ESVAVAÇÃO | K60: VLUME DE REATERRO = (V. ESCV-V. TUBO)
A61: 3.1.6 | B61: 93368 | C61: SINAPI | D61: REATERRO MECANIZADO DE VALA COM ESCAVADEIRA HIDRÁULICA (CAPACIDADE DA CAÇAMBA: 0,8 M³ / POTÊNCIA: 111 HP), LARGURA ATÉ 1,5 M, PROFUNDIDADE DE 1,5 A 3,0 M, COM SOLO (SEM SUBSTITUIÇÃO) DE 1ª CATEGORIA EM LOCAIS COM BAIXO NÍVEL DE INTERFERÊNCIA. AF_04/2016 | E61: m³ | F61: =G46 -> 1017.03 | G61: 0.8 | H61: =PI()*(G61/2)^2 -> 0.5 | I61: =H61*F61 -> 508.52 | J61: =K46 -> 4729.19 | K61: =J61-I61 -> 4220.67
A63: Item | B63: Código | C63: Banco | D63: Descrição | E63: Unid. | F63: VLUME DE REATERRO = (V. ESCV-V. TUBO)
A64: 3.1.7 | B64: 98008 07/2021 | C64: SINAPI | D64: BASE PARA POÇO DE VISITA RETANGULAR PARA ESGOTO, EM ALVENARIA COM BLOCOS DE CONCRETO, DIMENSÕES INTERNAS = 1,5X1,5 M, PROFUNDIDADE = 1,45 M, EXCLUINDO TAMPÃO . AF_12/2020 | E64: unid. | F64: 5
A66: 3.1.8 | B66: 99241 07/2021 | C66: SINAPI | D66: ACRÉSCIMO PARA POÇO DE VISITA RETANGULAR PARA DRENAGEM, EM ALVENARIA COM BLOCOS DE CONCRETO, DIMENSÕES INTERNAS = 1,5X1,5 M. AF_12/2020 | E66: m | F66: 10
A68: 3.1.9 | B68: 99319 07/2021 | C68: SINAPI | D68: CHAMINÉ CIRCULAR PARA POÇO DE VISITA PARA DRENAGEM, EM ALVENARIA COM TIJOLOS CERÂMICOS MACIÇOS, DIÂMETRO INTERNO = 0,6 M. AF_12/2020 | E68: m | F68: 5
A70: 3.1.10 | B70: 00006240 | C70: SINAPI-I | D70: TAMPAO FOFO SIMPLES COM BASE, CLASSE D400 CARGA MAX 40 T, REDONDO TAMPA 600 MM, REDE PLUVIAL/ESGOTO | F70: 5
A72: 3.2 | B72: TUBO DE 800 MM
A73: Item | B73: Código | C73: Banco | D73: Descrição | E73: Und | F73: trecho | G73: EXTENSÃO | H73: LARG. (FUNDO) 2xD | I73: LARG. (SUPERFICIE) | J73: ALTURA | K73: VLUME DE ESVAVAÇÃO
A74: 3.1.1 | B74: 90092 07/2021 | C74: SINAPI | D74: ESCAVAÇÃO MECANIZADA DE VALA COM PROF. MAIOR QUE 1,5 M E ATÉ 3,0 M(MÉDIA ENTRE MONTANTE E JUSANTE/UMA COMPOSIÇÃO POR TRECHO), COM ESCAVADEIRA HIDRÁULICA (0,8 M3/111 HP), LARG. MENOR QUE 1,5 M, EM SOLO DE 1A CATEGORIA, LOCAIS COM BAIXO NÍVEL DE INTERFERÊNCIA. AF_02/2021 | E74: m³ | F74: 05 | G74: 38.25 | H74: 2 | I74: =(J74*2)+H74 -> 5 | J74: 1.5 | K74: =G74*((H74+I74)/2)*J74 -> 200.81
D75: TOTAL DA ESCAVAÇÃO PARA TUBO DE 800MM | G75: =SUM(G74:G74) -> 38.25 | K75: =SUM(K74:K74) -> 200.81
A77: Item | B77: Código | C77: Banco | D77: Descrição | E77: Und | F77: EXTENSÃO | G77: LARG. (FUNDO) | H77: ÁREA
A78: 3.1.2 | B78: 101616 07/2021 | C78: SINAPI | D78: PREPARO DE FUNDO DE VALA COM LARGURA MENOR QUE 1,5 M (ACERTO DO SOLO NATURAL). AF_08/2020 | E78: m³ | F78: =G75 -> 38.25 | G78: =H74 -> 2 | H78: =G78*F78 -> 76.5
A80: 3.1.3 | B80: 00007762 07/2021 | C80: SINAPI-I | D80: TUBO DE CONCRETO ARMADO PARA AGUAS PLUVIAIS, CLASSE PA-2, COM ENCAIXE PONTA E BOLSA, DIAMETRO NOMINAL DE 600 MM | E80: M | F80: =G75 -> 38.25
A82: Item | B82: Código | C82: Banco | D82: Descrição | E82: Und | F82: EXTENSÃO | G82: MEDIDA DO TUBO (M) | H82: QUANT. TUBO 600 MM | I82: PESO DO TUBO (TN) | J82: DMT | K82: TRANSPORTE (TNXKM)
A83: 3.1.4 | B83: 100953 07/2021 | C83: SINAPI | D83: TRANSPORTE COM CAMINHÃO CARROCERIA COM GUINDAUTO (MUNCK), MOMENTO MÁXIMO DE CARGA 11,7 TM, EM VIA URBANA PAVIMENTADA, ADICIONAL PARA DMT EXCEDENTE A 30 KM (UNIDADE: TXKM). AF_07/2020 | F83: =F80 -> 38.25 | G83: 1.5 | H83: =ROUNDUP(F83/G83,0) -> 26 | I83: 0.69 | J83: 330 | K83: =J83*I83*H83 -> 5920.2
A85: Item | B85: Código | C85: Banco | D85: Descrição | E85: Und | F85: trecho | G85: EXTENSÃO
A86: 3.1.5 | B86: 92811 07/2021 | C86: SINAPI | D86: ASSENTAMENTO DE TUBO DE CONCRETO PARA REDES COLETORAS DE ÁGUAS PLUVIAIS, DIÂMETRO DE 800 MM, JUNTA RÍGIDA, INSTALADO EM LOCAL COM BAIXO NÍVEL DE INTERFERÊNCIAS (NÃO INCLUI FORNECIMENTO). AF_12/2015 | F86: Total | G86: =F80 -> 38.25
A88: Item | B88: Código | C88: Banco | D88: Descrição | E88: Und | F88: EXTENSÃO | G88: DIÂMETRO EXT (M) | H88: AREA DA SEÇAO DO TUBO | I88: VOLUME DO TUBO | J88: VLUME DE ESVAVAÇÃO | K88: VLUME DE REATERRO = (V. ESCV-V. TUBO)
A89: 3.1.6 | B89: 93368 | C89: SINAPI | D89: REATERRO MECANIZADO DE VALA COM ESCAVADEIRA HIDRÁULICA (CAPACIDADE DA CAÇAMBA: 0,8 M³ / POTÊNCIA: 111 HP), LARGURA ATÉ 1,5 M, PROFUNDIDADE DE 1,5 A 3,0 M, COM SOLO (SEM SUBSTITUIÇÃO) DE 1ª CATEGORIA EM LOCAIS COM BAIXO NÍVEL DE INTERFERÊNCIA. AF_04/2016 | E89: m³ | F89: =G75 -> 38.25 | G89: 1 | H89: =PI()*(G89/2)^2 -> 0.79 | I89: =H89*F89 -> 30.22 | J89: =K75 -> 200.81 | K89: =J89-I89 -> 170.59
A91: 3.1.6 | B91: IUD20036 | C91: SINAPI | D91: DISSIPADOR EM CONCRETO ARMADO TIPO 01 VAZÃO ATÉ 2M³/S | E91: Und | F91: 1
C93: TUBO DE CONCRETO ARMADO PS-2
A111: 3.3 | B111: TUBO DE 400 MM
A112: Item | B112: Código | C112: Banco | D112: Descrição | E112: Und | F112: trecho | G112: EXTENSÃO | H112: LARG. (FUNDO) | I112: ALTURA | J112: VLUME DE ESVAVAÇÃO
A113: 3.2.1 | B113: 102279 07/2021 | C113: SINAPI | D113: ESCAVAÇÃO MECANIZADA DE VALA COM PROF. ATÉ 1,5 M (MÉDIA ENTRE MONTANTE E JUSANTE/UMA COMPOSIÇÃO POR TRECHO), COM ESCAVADEIRA HIDRÁULICA (0,8 M3/111 HP),LARG. MENOR QUE 1,5 M, EM SOLO DE 1A CATEGORIA, LOCAIS COM BAIXO NÍVEL DE INTERFERÊNCIA. AF_02/2021 | E113: m³ | G113: 3.14 | H113: 0.8 | I113: 1 | J113: =I113*H113*G113 -> 2.51
F114: 01 | G114: 2.75 | H114: =H113 -> 0.8 | I114: =I113 -> 1 | J114: =I114*H114*G114 -> 2.2
G115: 3.18 | H115: =H114 -> 0.8 | I115: =I114 -> 1 | J115: =I115*H115*G115 -> 2.54
G116: 2.75 | H116: =H115 -> 0.8 | I116: =I115 -> 1 | J116: =I116*H116*G116 -> 2.2
A117: " | B117: " | C117: " | D117: " | E117: " | F117: 02 | G117: 3.14 | H117: =H116 -> 0.8 | I117: =I116 -> 1 | J117: =I117*H117*G117 -> 2.51
G118: 2.76 | H118: =H117 -> 0.8 | I118: =I117 -> 1 | J118: =I118*H118*G118 -> 2.21
G119: 2.7 | H119: =H118 -> 0.8 | I119: =I118 -> 1 | J119: =I119*H119*G119 -> 2.16
A120: " | B120: " | C120: " | D120: " | E120: " | F120: 03 | G120: 3.08 | H120: =H119 -> 0.8 | I120: =I119 -> 1 | J120: =I120*H120*G120 -> 2.46
G121: =SUM(G113:G120) -> 23.5 | J121: =SUM(J113:J120) -> 18.79
A123: Item | B123: Código | C123: Banco | D123: Descrição | E123: Und | F123: trecho | G123: EXTENSÃO | H123: LARG. (FUNDO) | I123: ALTURA | J123: % DA ESCAVAÇÃO MANUAL | K123: VLUME DE ESVAVAÇÃO (M³)
A124: 3.2.2 | B124: 93358 07/2021 | C124: SINAPI | D124: ESCAVAÇÃO MANUAL DE VALA COM PROFUNDIDADE MENOR OU IGUAL A 1,30 M. AF_02/2021 | E124: m³ | F124: total | G124: =F129 -> 23.5 | H124: 0.8 | I124: 1 | J124: 0.1 | K124: =G124*H124*I124*J124 -> 1.88
A126: Item | B126: Código | C126: Banco | D126: Descrição | E126: Und | F126: EXTENSÃO | G126: LARG. (FUNDO) | H126: ÁREA
A127: 3.2.3 | B127: 101616 07/2021 | C127: SINAPI | D127: PREPARO DE FUNDO DE VALA COM LARGURA MENOR QUE 1,5 M (ACERTO DO SOLO NATURAL). AF_08/2020 | E127: m³ | F127: =G121 -> 23.5 | G127: =H113 -> 0.8 | H127: =G127*F127 -> 18.8
A129: 3.2.4 | B129: 00007761 | C129: SINAPI-I | D129: TUBO DE CONCRETO ARMADO PARA AGUAS PLUVIAIS, CLASSE PA-2, COM ENCAIXE PONTA E BOLSA, DIAMETRO NOMINAL DE 400 MM | E129: M | F129: =G121 -> 23.5
A132: Item | B132: Código | C132: Banco | D132: Descrição | E132: Und | F132: EXTENSÃO | G132: MEDIDA DO TUBO (M) | H132: QUANT. TUBO 400 MM | I132: PESO DO TUBO (TN) | J132: DMT | K132: TRANSPORTE (TNXKM)
A133: 3.2.5 | B133: 100953 07/2021 | C133: SINAPI | D133: TRANSPORTE COM CAMINHÃO CARROCERIA COM GUINDAUTO (MUNCK), MOMENTO MÁXIMO DE CARGA 11,7 TM, EM VIA URBANA PAVIMENTADA, ADICIONAL PARA DMT EXCEDENTE A 30 KM (UNIDADE: TXKM). AF_07/2020 | F133: =F129 -> 23.5 | G133: 1.5 | H133: =ROUNDUP(F133/G133,0) -> 16 | I133: 0.23 | J133: 330 | K133: =J133*I133*H133 -> 1214.4
A135: Item | B135: Código | C135: Banco | D135: Descrição | E135: Und | F135: trecho | G135: EXTENSÃO
A136: 3.1.6 | B136: 92809 07/2021 | C136: SINAPI | D136: ASSENTAMENTO DE TUBO DE CONCRETO PARA REDES COLETORAS DE ÁGUAS PLUVIAIS, DIÂMETRO DE 600 MM, JUNTA RÍGIDA, INSTALADO EM LOCAL COM BAIXO NÍVEL DE INTERFERÊNCIAS (NÃO INCLUI FORNECIMENTO). AF_12/2015 | F136: Total | G136: =F129 -> 23.5
A138: Item | B138: Código | C138: Banco | D138: Descrição | E138: Und | F138: EXTENSÃO | G138: DIÂMETRO EXT (M) | H138: AREA DA SEÇAO DO TUBO | I138: VOLUME DO TUBO | J138: VLUME DE ESVAVAÇÃO | K138: VLUME DE REATERRO = (V. ESCV-V. TUBO)
A139: 3.1.7 | B139: 93368 07/2021 | C139: SINAPI | D139: REATERRO MECANIZADO DE VALA COM ESCAVADEIRA HIDRÁULICA (CAPACIDADE DA CAÇAMBA: 0,8 M³ / POTÊNCIA: 111 HP), LARGURA ATÉ 1,5 M, PROFUNDIDADE DE 1,5 A 3,0 M, COM SOLO (SEM SUBSTITUIÇÃO) DE 1ª CATEGORIA EM LOCAIS COM BAIXO NÍVEL DE INTERFERÊNCIA. AF_04/2016 | E139: m³ | F139: =G136 -> 23.5 | G139: 0.5 | H139: =PI()*(G139/2)^2 -> 0.2 | I139: =H139*F139 -> 4.7 | J139: =J121 -> 18.79 | K139: =J139-I139 -> 14.09
A141: Item | B141: Código | C141: Banco | D141: Descrição | E141: Und | F141: Quantidade
A142: 3.1.8 | B142: 97936 | C142: SINAPI | D142: CAIXA PARA BOCA DE LOBO DUPLA RETANGULAR, EM CONCRETO PRÉ-MOLDADO, DIMENSÕES INTERNAS: 0,6X2,2X1,2 M. AF_12/2020 | E142: unidade | F142: 8
A144: Item | B144: Código | C144: Banco | D144: Descrição | E144: Und | F144: Quantidade
A145: 3.1.9 | B145: 103001 02/2024 | C145: SINAPI | D145: GRELHA DE FERRO FUNDIDO SIMPLES COM REQUADRO, 150 X 1000 MM, ASSENTADA COM ARGAMASSA 1 : 3 CIMENTO: AREIA - FORNECIMENTO E INSTALAÇÃO. AF_08/2021 | E145: unidade | F145: 8
A161: Item | B161: Código | C161: Banco | D161: Descrição | E161: M | F161: B.D | G161: EXTENSÃO (M)
A162: 3.1.10 | B162: 000502 | C162: SINAPI | D162: CAIXA BOCA DE DRAGÃO EM ALVENARIA DE BLOCO DE CONCRETO DE 1,00 DE LARGURA POR 1,00 M DE PROFUNDIDADE SOBRE BASE DE CONCRETO ESTRUTURAL DE 15 CM DE ESPESSURA COM GRELHA DE TRILHO FERROVIÁRIO.(M) | E162: M | F162: 01 | G162: 8.7
F163: 02 | G163: 8.6
F164: 03 | G164: 8.7
G165: =SUM(G162:G164) -> 26
A167: 4 | B167: PAVIMENTAÇÃO
A168: 4.1 | B168: TERRAPLENAGEM
A169: Item | B169: Código | C169: Banco | D169: Descrição | E169: Und | F169: ÁREA | G169: ALTURA | H169: VOLUME
A170: 4.1.1 | B170: 101139 07/2021 | C170: SINAPI | D170: ESCAVAÇÃO HORIZONTAL, INCLUINDO ESCARIFICAÇÃO, CARGA, DESCARGA E TRANSPORTE EM SOLO DE 2A CATEGORIA COM TRATOR DE ESTEIRAS (100HP/LÂMINA: 2,19M3) E CAMINHÃO BASCULANTE DE 10M3, DMT ATÉ 200M. (RASPAGE SUPERFICIAL - BASE 2X MEIO FIO E 2 X A FOLGA) | E170: m³ | F170: 11001.69 | G170: 0.3 | H170: =F170*G170 -> 3300.51
A172: Item | B172: Código | C172: Banco | D172: Descrição | E172: Und | F172: ÁREA
A173: 4.1.2 | B173: 100576 07/2021 | C173: SINAPI | D173: REGULARIZAÇÃO E COMPACTAÇÃO DE SUBLEITO DE SOLO PREDOMINANTEMENTE ARGILOSO. (APOIO DO MEIO FIO/ SAJETA E BASE) | E173: m² | F173: 9867.56
A175: Item | B175: Código | C175: Banco | D175: Descrição | E175: Und | F175: ÁREA | G175: ALTURA | H175: Volume solo + brita (m³) | I175: Volume de solo (%) | J175: Volume Solo (m³) | K175: Volume Brita (%) | L175: Volume Brita (m³)
A176: 4.1.3 | B176: 101266 07/2021 | C176: SINAPI | D176: ESCAVAÇÃO VERTICAL A CÉU ABERTO, EM OBRAS DE INFRAESTRUTURA, INCLUINDO CARGA, DESCARGA E TRANSPORTE, EM SOLO DE 1ª CATEGORIA COM ESCAVADEIRA HIDRÁULICA (CAÇAMBA: 0,8 M³ / 111HP), FROTA DE 3 CAMINHÕES BASCULANTES DE 10 M³, DMT ATÉ 1 KM E VELOCIDADE MÉDIA14KM/H. AF_05/2020 (SUB-BASE) | E176: m³ | F176: 9028.21 | G176: 0.17 | H176: =G176*F176 -> 1534.8 | I176: 0.6 | J176: =I176*H176 -> 920.88 | K176: 0.4 | L176: =K176*H176 -> 613.92
A178: Item | B178: Código | C178: Banco | D178: Descrição | E178: Und | F178: Volume Brita (m³)
A179: 4.1.4 | B179: 00004721 | C179: SINAPI | D179: PEDRA BRITADA N. 1 (9,5 a 19 MM) POSTO PEDREIRA/FORNECEDOR, SEM FRETE | E179: m³xKm | F179: =L176 -> 613.92
A181: Item | B181: Código | C181: Banco | D181: Descrição | E181: Und | F181: Volume Brita (m³) | G181: DMT | H181: Transporte (m³xKm)
...
